LOS ANGELES Kings vs WINNIPEG Jets

Created - 16 février 2024 at 16:34

Goals
1 2 3 T
LOS ANGELES Kings 2 2 0 4
WINNIPEG Jets 2 0 1 3
Shots
1 2 3 T
LOS ANGELES Kings 15 9 2 26
WINNIPEG Jets 9 6 13 28

1st period

1. WINNIPEG Jets , Troy Terry 1 (Logan Couture 3, Clayton Keller 1) at 2:51
2. LOS ANGELES Kings , Jonathan Huberdeau 1 (Dawson Mercer 1, Drew Doughty 2) at 8:44
3. LOS ANGELES Kings , Anze Kopitar 2 (Hampus Lindholm 2, Mark Stone 1) at 13:11
4. WINNIPEG Jets , Alexander Kerfoot 1 (Nick Suzuki 2, Brian Dumoulin 1) at 13:21

Penalties :
Rasmus Andersson (LAK) for Hooking (Minor) at 15:00

2nd period

5. LOS ANGELES Kings , Mitchell Marner 3 (Marcus Pettersson 1, Hampus Lindholm 3) at 9:35 (PP)
6. LOS ANGELES Kings , Pierre Engvall 1 (Drew Doughty 3, Mitchell Marner 3) at 17:16 (PP)

Penalties :
Brandon Hagel (WPG) for Tripping (Minor) at 8:59, Rasmus Dahlin (WPG) for High sticking (Minor) at 14:10, Rasmus Dahlin (WPG) for Hooking (Minor) at 16:21, Carl Grundstrom (LAK) for Goalie Interference (Minor) at 19:58

3rd period

7. WINNIPEG Jets , Clayton Keller 3 (Evan Bouchard 2, Travis Sanheim 2) at 14:21 (PP)

Penalties :
Hampus Lindholm (LAK) for Tripping (Minor) at 8:52, Drew Doughty (LAK) for Roughing (Minor) at 13:34, Anze Kopitar (LAK) for High sticking (Minor) at 14:28, Marcus Pettersson (LAK) for Holding (Minor) at 18:49

Goalie Stats

Vitek Vanecek (LAK), 25 saves from 28 shots - (0,893), W, 2-1-0, 60:00 minutes
Jeremy Swayman (WPG), 22 saves from 26 shots - (0,846), L, 1-1-1, 59:57 minutes

Players Stats for LOS ANGELES Kings

Player Name              G  A  P  +/- PIM S  H  SB GA TA FO     MP     PP MP  PK MP  
------------------------------------------------------------------------------------
Anze Kopitar             1  0  1   1  2   2  1  0  0  0  10/23  20:04   1:24   3:09 
Calle Rosen              0  0  0  -1  0   0  0  1  0  0  0/0    12:50   0:00   1:47 
Carl Grundstrom          0  0  0  -1  2   1  1  0  0  0  0/0    13:33   0:00   0:00 
Dawson Mercer            0  1  1   0  0   3  0  0  0  0  7/17   14:34   0:00   0:00 
Dominik Kubalik          0  0  0   1  0   1  4  0  0  0  0/0    17:38   2:06   0:00 
Drew Doughty             0  2  2   0  2   0  2  0  0  0  0/0    25:28   1:40   4:11 
Hampus Lindholm          0  2  2   1  2   1  3  3  0  0  0/0    21:57   1:50   4:12 
Joel Kiviranta           0  0  0   0  0   0  0  0  0  0  3/6     2:57   0:00   0:00 
Jonathan Huberdeau       1  0  1   0  0   2  4  0  0  0  0/2    18:56   1:24   2:58 
Marc Staal               0  0  0   0  0   0  3  1  0  0  0/0    18:04   0:00   0:11 
Marcus Pettersson        0  1  1  -1  2   1  0  0  0  0  0/0    17:52   1:50   5:00 
Mark Stone               0  1  1   1  0   1  1  0  0  0  0/0    16:46   1:14   0:00 
Mitchell Marner          1  1  2   0  0   5  3  1  0  0  4/16   25:49   2:06   6:12 
Oskar Sundqvist          0  0  0  -1  0   1  1  0  0  0  6/12   14:06   0:00   0:32 
Parker Kelly             0  0  0   0  0   0  0  0  0  0  0/0     0:00   0:00   0:00 
Pierre Engvall           1  0  1   0  0   4  2  1  0  0  4/8    12:08   2:16   6:55 
Rasmus Andersson         0  0  0   1  2   2  1  3  0  0  0/0    23:45   1:40   4:25 
Rem Pitlick              0  0  0  -1  0   2  0  1  0  0  0/0    13:34   0:00   0:00 

Players Stats for WINNIPEG Jets

Player Name              G  A  P  +/- PIM S  H  SB GA TA FO     MP     PP MP  PK MP  
------------------------------------------------------------------------------------
Alexander Kerfoot        1  0  1   0  0   2  1  2  0  0  0/0    15:23   0:00   2:24 
Brandon Hagel            0  0  0   0  2   3  2  0  0  0  0/0    17:49   4:51   0:00 
Brian Dumoulin           0  1  1   1  0   0  3  1  0  0  0/0    17:46   0:00   2:34 
Clayton Keller           1  1  2   1  0   2  1  0  0  0  0/0    22:41   5:02   0:00 
Evan Bouchard            0  1  1   1  0   1  1  0  0  0  0/0    20:48   5:23   0:13 
Ilya Mikheyev            0  0  0   0  0   0  0  0  0  0  1/1    11:20   0:00   0:54 
Jaden Schwartz           0  0  0  -1  0   0  1  0  0  0  0/0     5:33   0:00   0:00 
Kaapo Kakko              0  0  0  -1  0   0  0  0  0  0  0/0     5:33   0:00   0:00 
Logan Couture            0  1  1   1  0   4  3  0  0  0  19/35  22:41   5:02   0:00 
Mathew Barzal            0  0  0   0  0   0  0  0  0  0  5/9    15:17   4:51   0:00 
Miro Heiskanen           0  0  0   0  0   3  0  0  0  0  0/0    23:58   4:30   0:03 
Nick Suzuki              0  1  1   0  0   1  0  0  0  0  22/35  20:23   4:51   2:33 
Radek Faksa              0  0  0  -1  0   0  0  0  0  0  2/3     6:27   0:00   0:54 
Rasmus Dahlin            0  0  0   0  4   5  4  1  0  0  0/0    23:53   4:30   0:00 
Tim Stutzle              0  0  0   0  0   0  1  0  0  0  0/0    10:26   0:00   0:00 
Travis Sanheim           0  1  1  -1  0   2  1  0  0  0  0/0    19:24   5:23   2:01 
Trevor van Riemsdyk      0  0  0  -1  0   1  0  1  0  0  0/0    14:09   0:00   2:09 
Troy Terry               1  0  1   1  0   4  1  0  0  0  1/1    22:56   5:02   0:15 

3 Stars

1 - Mitchell Marner (LAK)
2 - Clayton Keller (WPG)
3 - Jonathan Huberdeau (LAK)

Power Play

LOS ANGELES Kings - 2 on 3 Attempt(s) - 66,67%
WINNIPEG Jets - 1 on 6 Attempt(s) - 16,67%

Penalty Kill

LOS ANGELES Kings - 5 on 6 Attempt(s) - 83,33% - Score 0 goal in Penalty Kill
WINNIPEG Jets - 1 on 3 Attempt(s) - 33,33% - Score 0 goal in Penalty Kill

Team Stat

LOS ANGELES Kings - Hits : 26 - Faceoff Wins : 34 - Blocked Shots : 11 - Penalty Minutes : 12
WINNIPEG Jets - Hits : 19 - Faceoff Wins : 50 - Blocked Shots : 5 - Penalty Minutes : 6

Official

Referees : T.J. Luxmore and Pierre Lambert
Linesman : Doug Krell and Erin Blair

Game Notes

No Game Note

Finance

Level 1 -- Attendance: 5299 (88,32%) -- Ticket Income $529,900
Level 2 -- Attendance: 3993 (79,86%) -- Ticket Income $239,580
Level 3 -- Attendance: 2000 (100,00%) -- Ticket Income $70,000
Level 4 -- Attendance: 4000 (100,00%) -- Ticket Income $80,000
Luxury Box -- Attendance: 797 (79,70%) -- Ticket Income $159,400
Game was played at the MTS Centre.
Total Attendance: 16089 (89,38%)
Total Ticket Income: $1,078,880
Other Income: $269,720
Total Income: $1,348,600

LOS ANGELES Kings

5 vs 5 Forward 
   Center                   Left Wing                Right Wing               Time % Phy DF OF 
 1 Dawson Mercer            Jonathan Huberdeau       Mitchell Marner          40     1   2  2  
 2 Anze Kopitar             Dominik Kubalik          Mark Stone               30     1   2  2  
 3 Oskar Sundqvist          Carl Grundstrom          Rem Pitlick              20     1   2  2  
 4 Joel Kiviranta           Pierre Engvall           Mitchell Marner          10     1   2  2  

5 vs 5 Defense 
   Defense                  Defense                                           Time % Phy DF OF 
 1 Drew Doughty             Marc Staal                                        40     1   2  2  
 2 Rasmus Andersson         Hampus Lindholm                                   30     1   2  2  
 3 Marcus Pettersson        Calle Rosen                                       20     1   2  2  
 4 Drew Doughty             Rasmus Andersson                                  10     1   2  2  

PowerPlay Forward 
   Center                   Left Wing                Right Wing               Time % Phy DF OF 
 1 Pierre Engvall           Mitchell Marner          Dominik Kubalik          60     1   1  3  
 2 Anze Kopitar             Jonathan Huberdeau       Mark Stone               40     1   1  3  

PowerPlay Defense
   Defense                  Defense                                           Time % Phy DF OF 
 1 Drew Doughty             Rasmus Andersson                                  60     1   2  2  
 2 Marcus Pettersson        Hampus Lindholm                                   40     1   2  2  

Penalty Kill 4 Players Forward 
   Center                   Wing                     Time % Phy DF OF 
 1 Mitchell Marner          Pierre Engvall           60     1   2  2  
 2 Anze Kopitar             Jonathan Huberdeau       40     1   2  2  

Penalty Kill 4 Players Defense
   Defense                  Defense                  Time % Phy DF OF 
 1 Marcus Pettersson        Rasmus Andersson         60     1   2  2  
 2 Hampus Lindholm          Drew Doughty             40     1   2  2  

Penalty Kill - 3 Players Forward 
   Forward                                           Time % Phy DF OF 
 1 Anze Kopitar                                      60     1   2  2  
 2 Mitchell Marner                                   40     1   2  2  

Penalty Kill - 3 Players Defense
   Defense                  Defense                  Time % Phy DF OF 
 1 Marcus Pettersson        Rasmus Andersson         60     1   2  2  
 2 Drew Doughty             Hampus Lindholm          40     1   2  2  

4 vs 4 Forward 
   Center                   Wing                     Time % Phy DF OF 
 1 Anze Kopitar             Mitchell Marner          60     1   2  2  
 2 Mark Stone               Jonathan Huberdeau       40     1   2  2  

4 vs 4 Defense
   Defense                  Defense                  Time % Phy DF OF 
 1 Drew Doughty             Rasmus Andersson         60     1   2  2  
 2 Marcus Pettersson        Hampus Lindholm          40     1   2  2  

Last Minutes Offensive
   Center                   Left Wing                Right Wing               Defense                  Defense                  
   Anze Kopitar             Jonathan Huberdeau       Mitchell Marner          Drew Doughty             Rasmus Andersson         

Last Minutes Defensive
   Center                   Left Wing                Right Wing               Defense                  Defense                  
   Dawson Mercer            Mitchell Marner          Pierre Engvall           Drew Doughty             Rasmus Andersson         

Goaltenders
Starting : Vitek Vanecek            
Backup : Kaapo Kahkonen           

Extra Forwards
Normal : Anze Kopitar, Mitchell Marner, Jonathan Huberdeau - PP : Anze Kopitar, Mitchell Marner - PK : Mitchell Marner
Extra Defensemen
Normal : Marcus Pettersson, Drew Doughty, Rasmus Andersson - PP : Marcus Pettersson - PK : Drew Doughty, Rasmus Andersson
Penalty Shots
Mitchell Marner, Jonathan Huberdeau, Mark Stone, Anze Kopitar, Dawson Mercer

Scratches
None

WINNIPEG Jets

5 vs 5 Forward 
   Center                   Left Wing                Right Wing               Time % Phy DF OF 
 1 Logan Couture            Clayton Keller           Troy Terry               40     1   2  2  
 2 Nick Suzuki              Brandon Hagel            Alexander Kerfoot        30     1   2  2  
 3 Mathew Barzal            Tim Stutzle              Ilya Mikheyev            20     1   2  2  
 4 Radek Faksa              Jaden Schwartz           Kaapo Kakko              10     1   2  2  

5 vs 5 Defense 
   Defense                  Defense                                           Time % Phy DF OF 
 1 Rasmus Dahlin            Miro Heiskanen                                    40     1   2  2  
 2 Evan Bouchard            Brian Dumoulin                                    30     1   2  2  
 3 Trevor van Riemsdyk      Travis Sanheim                                    20     1   2  2  
 4 Trevor van Riemsdyk      Travis Sanheim                                    10     1   2  2  

PowerPlay Forward 
   Center                   Left Wing                Right Wing               Time % Phy DF OF 
 1 Logan Couture            Clayton Keller           Troy Terry               60     1   2  2  
 2 Nick Suzuki              Brandon Hagel            Mathew Barzal            40     1   2  2  

PowerPlay Defense
   Defense                  Defense                                           Time % Phy DF OF 
 1 Rasmus Dahlin            Miro Heiskanen                                    60     1   2  2  
 2 Evan Bouchard            Travis Sanheim                                    40     1   2  2  

Penalty Kill 4 Players Forward 
   Center                   Wing                     Time % Phy DF OF 
 1 Nick Suzuki              Alexander Kerfoot        60     1   2  2  
 2 Radek Faksa              Ilya Mikheyev            40     1   2  2  

Penalty Kill 4 Players Defense
   Defense                  Defense                  Time % Phy DF OF 
 1 Brian Dumoulin           Trevor van Riemsdyk      60     1   2  2  
 2 Travis Sanheim           Rasmus Dahlin            40     1   2  2  

Penalty Kill - 3 Players Forward 
   Forward                                           Time % Phy DF OF 
 1 Logan Couture                                     60     1   2  2  
 2 Nick Suzuki                                       40     1   2  2  

Penalty Kill - 3 Players Defense
   Defense                  Defense                  Time % Phy DF OF 
 1 Rasmus Dahlin            Miro Heiskanen           60     1   2  2  
 2 Evan Bouchard            Brian Dumoulin           40     1   2  2  

4 vs 4 Forward 
   Center                   Wing                     Time % Phy DF OF 
 1 Mathew Barzal            Brandon Hagel            60     1   2  2  
 2 Radek Faksa              Jaden Schwartz           40     1   2  2  

4 vs 4 Defense
   Defense                  Defense                  Time % Phy DF OF 
 1 Trevor van Riemsdyk      Travis Sanheim           60     1   2  2  
 2 Evan Bouchard            Brian Dumoulin           40     1   2  2  

Last Minutes Offensive
   Center                   Left Wing                Right Wing               Defense                  Defense                  
   Logan Couture            Clayton Keller           Troy Terry               Rasmus Dahlin            Miro Heiskanen           

Last Minutes Defensive
   Center                   Left Wing                Right Wing               Defense                  Defense                  
   Logan Couture            Clayton Keller           Alexander Kerfoot        Brian Dumoulin           Trevor van Riemsdyk      

Goaltenders
Starting : Jeremy Swayman           
Backup : Pavel Francouz           

Extra Forwards
Normal : Troy Terry, Nick Suzuki, Alexander Kerfoot - PP : Troy Terry, Nick Suzuki - PK : Troy Terry
Extra Defensemen
Normal : Brian Dumoulin, Trevor van Riemsdyk, Travis Sanheim - PP : Brian Dumoulin - PK : Brian Dumoulin, Trevor van Riemsdyk
Penalty Shots
Logan Couture, Clayton Keller, Brandon Hagel, Tim Stutzle, Troy Terry

Scratches
None


% Time on Ice - LOS ANGELES Kings

Lines # - Real PCT - Wanted PCT - Time Play
Normal Forward
1 - 31% - 40% - 14:34
2 - 33% - 30% - 15:32
3 - 29% - 20% - 13:34
4 - 6% - 10% - 2:57
Normal Defense
1 - 37% - 40% - 17:25
2 - 34% - 30% - 15:56
3 - 24% - 20% - 11:03
4 - 5% - 10% - 2:13
PP Forward
1 - 65% - 60% - 2:16
2 - 35% - 40% - 1:14
PP Defense
1 - 48% - 60% - 1:40
2 - 52% - 40% - 1:50
PK Forward
1 - 77% - 60% - 7:34
2 - 23% - 40% - 2:19
PK Defense
1 - 64% - 60% - 6:22
2 - 36% - 40% - 3:31
PK3 Forward
1 - 0% - 60%
2 - 0% - 40%
PK3 Defense
1 - 0% - 60%
2 - 0% - 40%
44 Forward
1 - 0% - 60%
2 - 0% - 40%
44 Defense
1 - 0% - 60%
2 - 0% - 40%
Last Minute Offensive  - 0:00
Last Minute Defensive  - 0:00
Total
Forward - 60:00
Defense - 60:00

% Time on Ice - WINNIPEG Jets

Lines # - Real PCT - Wanted PCT - Time Play
Normal Forward
1 - 38% - 40% - 17:39
2 - 28% - 30% - 12:59
3 - 22% - 20% - 10:26
4 - 12% - 10% - 5:33
Normal Defense
1 - 42% - 40% - 19:25
2 - 33% - 30% - 15:12
3 - 19% - 20% - 8:56
4 - 7% - 10% - 3:04
PP Forward
1 - 51% - 60% - 5:02
2 - 49% - 40% - 4:51
PP Defense
1 - 46% - 60% - 4:30
2 - 54% - 40% - 5:23
PK Forward
1 - 74% - 60% - 2:36
2 - 26% - 40% - 0:54
PK Defense
1 - 22% - 60% - 0:46
2 - 78% - 40% - 2:44
PK3 Forward
1 - 0% - 60%
2 - 0% - 40%
PK3 Defense
1 - 0% - 60%
2 - 0% - 40%
44 Forward
1 - 0% - 60%
2 - 0% - 40%
44 Defense
1 - 0% - 60%
2 - 0% - 40%
Last Minute Offensive  - 0:00
Last Minute Defensive  - 0:00
Total
Forward - 60:00
Defense - 60:00

Play-by-Play

1st period


0:01 of 1st period - Logan Couture wins face-off versus Jonathan Huberdeau in neutral zone.
0:05 of 1st period - Marc Staal is hit by Rasmus Dahlin and loses puck.
0:20 of 1st period - Shot by Dawson Mercer.
0:20 of 1st period - Stopped by Jeremy Swayman with a rebound.
0:28 of 1st period - Shot by Dawson Mercer.
0:28 of 1st period - Stopped by Jeremy Swayman without a rebound.
0:29 of 1st period - Nick Suzuki wins face-off versus Anze Kopitar in WINNIPEG Jets zone.
0:33 of 1st period - Off-side.
0:34 of 1st period - Mathew Barzal wins face-off versus Oskar Sundqvist in neutral zone.
0:53 of 1st period - Shot by Carl Grundstrom.
0:53 of 1st period - Shot Misses the Net.
1:04 of 1st period - Off-side.
1:05 of 1st period - Nick Suzuki wins face-off versus Anze Kopitar in neutral zone.
1:08 of 1st period - Mark Stone is hit by Alexander Kerfoot and loses puck.
1:59 of 1st period - Icing by Nick Suzuki.
2:00 of 1st period - Nick Suzuki wins face-off versus Jonathan Huberdeau in WINNIPEG Jets zone.
2:04 of 1st period - Nick Suzuki is hit by Jonathan Huberdeau and loses puck.
2:08 of 1st period - Alexander Kerfoot is hit by Drew Doughty and loses puck.
2:18 of 1st period - Off-side.
2:19 of 1st period - Oskar Sundqvist wins face-off versus Logan Couture in neutral zone.
2:45 of 1st period - Shot by Clayton Keller.
2:45 of 1st period - Shot Misses the Net.
2:47 of 1st period - Shot by Clayton Keller.
2:47 of 1st period - Shot Misses the Net.
2:49 of 1st period - Shot by Logan Couture.
2:49 of 1st period - Shot Misses the Net.
2:51 of 1st period - Shot by Troy Terry.
2:51 of 1st period - Goal by Troy Terry - LOS ANGELES Kings : 0 - WINNIPEG Jets : 1.
2:52 of 1st period - Radek Faksa wins face-off versus Dawson Mercer in neutral zone.
2:52 of 1st period - Radek Faksa is hit by Mitchell Marner.
3:07 of 1st period - Shot by Mitchell Marner.
3:07 of 1st period - Deflect By Jonathan Huberdeau.
3:07 of 1st period - Shot Misses the Net.
3:24 of 1st period - Shot by Dawson Mercer.
3:24 of 1st period - Shot Misses the Net.
5:00 of 1st period - Shot by Oskar Sundqvist.
5:00 of 1st period - Deflect By Rem Pitlick.
5:00 of 1st period - Stopped by Jeremy Swayman without a rebound.
5:01 of 1st period - Joel Kiviranta wins face-off versus Mathew Barzal in WINNIPEG Jets zone.
6:25 of 1st period - Off-side.
6:26 of 1st period - Anze Kopitar wins face-off versus Nick Suzuki in neutral zone.
6:31 of 1st period - Shot by Mark Stone.
6:31 of 1st period - Shot Misses the Net.
6:33 of 1st period - Shot by Anze Kopitar.
6:33 of 1st period - Shot Blocked by Rasmus Dahlin.
6:55 of 1st period - Shot by Alexander Kerfoot.
6:55 of 1st period - Stopped by Vitek Vanecek without a rebound.
6:56 of 1st period - Oskar Sundqvist wins face-off versus Logan Couture in LOS ANGELES Kings zone.
7:29 of 1st period - Icing by Logan Couture.
7:30 of 1st period - Anze Kopitar wins face-off versus Logan Couture in WINNIPEG Jets zone.
7:45 of 1st period - Shot by Anze Kopitar.
7:45 of 1st period - Shot Misses the Net.
7:56 of 1st period - Shot by Mark Stone.
7:56 of 1st period - Shot Hit the Post.
7:58 of 1st period - Shot by Rasmus Andersson.
7:58 of 1st period - Stopped by Jeremy Swayman with a rebound.
8:00 of 1st period - Shot by Rasmus Andersson.
8:00 of 1st period - Shot Misses the Net.
8:02 of 1st period - Shot by Anze Kopitar.
8:02 of 1st period - Shot Blocked by Brian Dumoulin.
8:06 of 1st period - Shot by Mark Stone.
8:06 of 1st period - Shot Misses the Net.
8:08 of 1st period - Shot by Rasmus Andersson.
8:08 of 1st period - Stopped by Jeremy Swayman without a rebound.
8:09 of 1st period - Dawson Mercer wins face-off versus Nick Suzuki in WINNIPEG Jets zone.
8:14 of 1st period - Shot by Mitchell Marner.
8:14 of 1st period - Stopped by Jeremy Swayman with a rebound.
8:16 of 1st period - Shot by Dawson Mercer.
8:16 of 1st period - Stopped by Jeremy Swayman with a rebound.
8:44 of 1st period - Shot by Jonathan Huberdeau.
8:44 of 1st period - Goal by Jonathan Huberdeau - LOS ANGELES Kings : 1 - WINNIPEG Jets : 1.
8:45 of 1st period - Oskar Sundqvist wins face-off versus Mathew Barzal in neutral zone.
9:06 of 1st period - Shot by Carl Grundstrom.
9:06 of 1st period - Stopped by Jeremy Swayman with a rebound.
9:13 of 1st period - Rem Pitlick is hit by Rasmus Dahlin and loses puck.
9:55 of 1st period - Shot by Mark Stone.
9:55 of 1st period - Deflect By Dominik Kubalik.
9:55 of 1st period - Shot Misses the Net.
11:00 of 1st period - Shot by Logan Couture.
11:00 of 1st period - Stopped by Vitek Vanecek with a rebound.
11:38 of 1st period - Shot by Rem Pitlick.
11:38 of 1st period - Shot Misses the Net.
11:48 of 1st period - Shot by Carl Grundstrom.
11:48 of 1st period - Shot Misses the Net.
11:50 of 1st period - Shot by Oskar Sundqvist.
11:50 of 1st period - Shot Misses the Net.
11:52 of 1st period - Shot by Oskar Sundqvist.
11:52 of 1st period - Stopped by Jeremy Swayman without a rebound.
11:53 of 1st period - Joel Kiviranta wins face-off versus Nick Suzuki in WINNIPEG Jets zone.
11:56 of 1st period - Shot by Mitchell Marner.
11:56 of 1st period - Deflect By Pierre Engvall.
11:56 of 1st period - Shot Blocked by Alexander Kerfoot.
11:59 of 1st period - Icing by Evan Bouchard.
12:00 of 1st period - Nick Suzuki wins face-off versus Joel Kiviranta in WINNIPEG Jets zone.
12:07 of 1st period - Evan Bouchard is hit by Pierre Engvall and loses puck.
12:28 of 1st period - Shot by Pierre Engvall.
12:28 of 1st period - Stopped by Jeremy Swayman with a rebound.
12:30 of 1st period - Shot by Pierre Engvall.
12:30 of 1st period - Stopped by Jeremy Swayman without a rebound.
12:31 of 1st period - Anze Kopitar wins face-off versus Radek Faksa in WINNIPEG Jets zone.
12:44 of 1st period - Shot by Anze Kopitar.
12:44 of 1st period - Shot Misses the Net.
12:52 of 1st period - Rasmus Andersson is hit by Jaden Schwartz.
13:01 of 1st period - Anze Kopitar is hit by Rasmus Dahlin.
13:11 of 1st period - Shot by Anze Kopitar.
13:11 of 1st period - Goal by Anze Kopitar - LOS ANGELES Kings : 2 - WINNIPEG Jets : 1.
13:12 of 1st period - Nick Suzuki wins face-off versus Dawson Mercer in neutral zone.
13:21 of 1st period - Shot by Nick Suzuki.
13:21 of 1st period - Deflect By Alexander Kerfoot.
13:21 of 1st period - Goal by Alexander Kerfoot - LOS ANGELES Kings : 2 - WINNIPEG Jets : 2.
13:22 of 1st period - Logan Couture wins face-off versus Oskar Sundqvist in neutral zone.
13:25 of 1st period - Shot by Trevor van Riemsdyk.
13:25 of 1st period - Shot Misses the Net.
13:31 of 1st period - Shot by Troy Terry.
13:31 of 1st period - Stopped by Vitek Vanecek without a rebound.
13:32 of 1st period - Nick Suzuki wins face-off versus Dawson Mercer in LOS ANGELES Kings zone.
13:41 of 1st period - Shot by Jonathan Huberdeau.
13:41 of 1st period - Stopped by Jeremy Swayman without a rebound.
13:42 of 1st period - Logan Couture wins face-off versus Dawson Mercer in WINNIPEG Jets zone.
13:46 of 1st period - Off-side.
13:47 of 1st period - Nick Suzuki wins face-off versus Dawson Mercer in neutral zone.
14:06 of 1st period - Brandon Hagel is hit by Marc Staal.
14:44 of 1st period - Alexander Kerfoot is hit by Mitchell Marner and loses puck.
15:00 of 1st period - Minor Penalty to Rasmus Andersson for Hooking.
15:01 of 1st period - Anze Kopitar wins face-off versus Logan Couture in LOS ANGELES Kings zone.
15:19 of 1st period - Shot by Clayton Keller.
15:19 of 1st period - Shot Misses the Net.
16:07 of 1st period - Icing by Miro Heiskanen.
16:08 of 1st period - Nick Suzuki wins face-off versus Mitchell Marner in WINNIPEG Jets zone.
16:15 of 1st period - Shot by Rasmus Dahlin.
16:15 of 1st period - Stopped by Vitek Vanecek without a rebound.
16:16 of 1st period - Mitchell Marner wins face-off versus Logan Couture in LOS ANGELES Kings zone.
16:35 of 1st period - Shot by Travis Sanheim.
16:35 of 1st period - Stopped by Vitek Vanecek without a rebound.
16:36 of 1st period - Mitchell Marner wins face-off versus Nick Suzuki in LOS ANGELES Kings zone.
17:01 of 1st period - Shot by Trevor van Riemsdyk.
17:01 of 1st period - Stopped by Vitek Vanecek without a rebound.
17:02 of 1st period - Radek Faksa wins face-off versus Oskar Sundqvist in LOS ANGELES Kings zone.
17:02 of 1st period - Trevor van Riemsdyk is hit by Drew Doughty and loses puck.
17:12 of 1st period - Rem Pitlick is hit by Travis Sanheim and loses puck.
17:27 of 1st period - Shot by Rem Pitlick.
17:27 of 1st period - Shot Blocked by Trevor van Riemsdyk.
17:29 of 1st period - Shot by Marc Staal.
17:29 of 1st period - Shot Misses the Net.
17:51 of 1st period - Kaapo Kakko is hit by Dominik Kubalik and loses puck.
18:10 of 1st period - Shot by Dominik Kubalik.
18:10 of 1st period - Stopped by Jeremy Swayman without a rebound.
18:11 of 1st period - Dawson Mercer wins face-off versus Logan Couture in WINNIPEG Jets zone.
18:25 of 1st period - Icing by Brian Dumoulin.
18:26 of 1st period - Logan Couture wins face-off versus Anze Kopitar in WINNIPEG Jets zone.
18:30 of 1st period - Clayton Keller is hit by Anze Kopitar and loses puck.
18:45 of 1st period - Shot by Troy Terry.
18:45 of 1st period - Stopped by Vitek Vanecek without a rebound.
18:46 of 1st period - Dawson Mercer wins face-off versus Nick Suzuki in LOS ANGELES Kings zone.
19:28 of 1st period - Icing by Marcus Pettersson.
19:29 of 1st period - Logan Couture wins face-off versus Dawson Mercer in LOS ANGELES Kings zone.
19:35 of 1st period - Icing by Marcus Pettersson.
19:36 of 1st period - Dawson Mercer wins face-off versus Logan Couture in LOS ANGELES Kings zone.
19:36 of 1st period - Dawson Mercer is hit by Logan Couture.
19:41 of 1st period - Calle Rosen is hit by Brian Dumoulin and loses puck.
19:47 of 1st period - Off-side.
19:48 of 1st period - Mathew Barzal wins face-off versus Anze Kopitar in neutral zone.
19:56 of 1st period - Marc Staal is hit by Tim Stutzle and loses puck.
Goals for this period are 2 for LOS ANGELES Kings vs 2 for WINNIPEG Jets.
Shots for this period are 15 for LOS ANGELES Kings vs 9 for WINNIPEG Jets.

2nd period


0:01 of 2nd period - Troy Terry wins face-off versus Dawson Mercer in neutral zone.
0:48 of 2nd period - Miro Heiskanen is hit by Mitchell Marner and loses puck.
1:08 of 2nd period - Icing by Evan Bouchard.
1:09 of 2nd period - Nick Suzuki wins face-off versus Anze Kopitar in WINNIPEG Jets zone.
2:07 of 2nd period - Shot by Carl Grundstrom.
2:07 of 2nd period - Shot Blocked by Alexander Kerfoot.
2:38 of 2nd period - Off-side.
2:39 of 2nd period - Pierre Engvall wins face-off versus Logan Couture in neutral zone.
2:47 of 2nd period - Icing by Miro Heiskanen.
2:48 of 2nd period - Dawson Mercer wins face-off versus Logan Couture in WINNIPEG Jets zone.
2:55 of 2nd period - Shot by Logan Couture.
2:55 of 2nd period - Stopped by Vitek Vanecek without a rebound.
2:56 of 2nd period - Dawson Mercer wins face-off versus Logan Couture in LOS ANGELES Kings zone.
4:11 of 2nd period - Icing by Anze Kopitar.
4:12 of 2nd period - Anze Kopitar wins face-off versus Nick Suzuki in LOS ANGELES Kings zone.
4:12 of 2nd period - Marcus Pettersson is hit by Brandon Hagel and loses puck.
4:20 of 2nd period - Icing by Calle Rosen.
4:21 of 2nd period - Anze Kopitar wins face-off versus Nick Suzuki in LOS ANGELES Kings zone.
4:21 of 2nd period - Anze Kopitar is hit by Brandon Hagel.
4:29 of 2nd period - Shot by Brandon Hagel.
4:29 of 2nd period - Stopped by Vitek Vanecek without a rebound.
4:30 of 2nd period - Logan Couture wins face-off versus Oskar Sundqvist in LOS ANGELES Kings zone.
4:43 of 2nd period - Shot by Logan Couture.
4:43 of 2nd period - Deflect By Troy Terry.
4:43 of 2nd period - Shot Misses the Net.
4:45 of 2nd period - Shot by Troy Terry.
4:45 of 2nd period - Stopped by Vitek Vanecek without a rebound.
4:46 of 2nd period - Mathew Barzal wins face-off versus Anze Kopitar in LOS ANGELES Kings zone.
4:58 of 2nd period - Off-side.
4:59 of 2nd period - Logan Couture wins face-off versus Dawson Mercer in neutral zone.
5:22 of 2nd period - Shot by Troy Terry.
5:22 of 2nd period - Deflect By Clayton Keller.
5:22 of 2nd period - Shot Blocked by Hampus Lindholm.
5:24 of 2nd period - Shot by Troy Terry.
5:24 of 2nd period - Shot Blocked by Hampus Lindholm.
6:22 of 2nd period - Shot by Anze Kopitar.
6:22 of 2nd period - Shot Misses the Net.
6:24 of 2nd period - Shot by Anze Kopitar.
6:24 of 2nd period - Shot Misses the Net.
6:38 of 2nd period - Shot by Anze Kopitar.
6:38 of 2nd period - Shot Misses the Net.
6:50 of 2nd period - Ilya Mikheyev is hit by Mark Stone and loses puck.
7:30 of 2nd period - Shot by Oskar Sundqvist.
7:30 of 2nd period - Shot Misses the Net.
7:38 of 2nd period - Travis Sanheim is hit by Oskar Sundqvist and loses puck.
7:45 of 2nd period - Shot by Alexander Kerfoot.
7:45 of 2nd period - Shot Blocked by Calle Rosen.
7:47 of 2nd period - Shot by Nick Suzuki.
7:47 of 2nd period - Shot Misses the Net.
7:49 of 2nd period - Shot by Brandon Hagel.
7:49 of 2nd period - Stopped by Vitek Vanecek without a rebound.
7:50 of 2nd period - Logan Couture wins face-off versus Joel Kiviranta in LOS ANGELES Kings zone.
7:54 of 2nd period - Shot by Clayton Keller.
7:54 of 2nd period - Stopped by Vitek Vanecek without a rebound.
7:55 of 2nd period - Joel Kiviranta wins face-off versus Logan Couture in LOS ANGELES Kings zone.
8:05 of 2nd period - Icing by Rasmus Dahlin.
8:06 of 2nd period - Logan Couture wins face-off versus Anze Kopitar in WINNIPEG Jets zone.
8:13 of 2nd period - Hampus Lindholm is hit by Clayton Keller and loses puck.
8:59 of 2nd period - Minor Penalty to Brandon Hagel for Tripping.
9:00 of 2nd period - Pierre Engvall wins face-off versus Nick Suzuki in WINNIPEG Jets zone.
9:00 of 2nd period - Jonathan Huberdeau is hit by Brian Dumoulin and loses puck.
9:09 of 2nd period - Shot by Mitchell Marner.
9:09 of 2nd period - Stopped by Jeremy Swayman without a rebound.
9:10 of 2nd period - Nick Suzuki wins face-off versus Pierre Engvall in WINNIPEG Jets zone.
9:35 of 2nd period - Shot by Mitchell Marner.
9:35 of 2nd period - Goal by Mitchell Marner - LOS ANGELES Kings : 3 - WINNIPEG Jets : 2.
9:36 of 2nd period - Oskar Sundqvist wins face-off versus Mathew Barzal in neutral zone.
9:43 of 2nd period - Shot by Rem Pitlick.
9:43 of 2nd period - Shot Misses the Net.
10:15 of 2nd period - Rasmus Dahlin is hit by Carl Grundstrom and loses puck.
10:22 of 2nd period - Shot by Mathew Barzal.
10:22 of 2nd period - Shot Misses the Net.
10:54 of 2nd period - Shot by Troy Terry.
10:54 of 2nd period - Shot Blocked by Marc Staal.
10:56 of 2nd period - Shot by Troy Terry.
10:56 of 2nd period - Shot Misses the Net.
10:58 of 2nd period - Shot by Evan Bouchard.
10:58 of 2nd period - Stopped by Vitek Vanecek without a rebound.
10:59 of 2nd period - Nick Suzuki wins face-off versus Mitchell Marner in LOS ANGELES Kings zone.
11:25 of 2nd period - Off-side.
11:26 of 2nd period - Logan Couture wins face-off versus Anze Kopitar in neutral zone.
11:26 of 2nd period - Logan Couture is hit by Dominik Kubalik.
11:58 of 2nd period - Shot by Clayton Keller.
11:58 of 2nd period - Shot Misses the Net.
12:14 of 2nd period - Dominik Kubalik is hit by Logan Couture and loses puck.
12:21 of 2nd period - Troy Terry is hit by Dominik Kubalik and loses puck.
13:12 of 2nd period - Shot by Brandon Hagel.
13:12 of 2nd period - Shot Blocked by Hampus Lindholm.
13:44 of 2nd period - Miro Heiskanen is hit by Marc Staal and loses puck.
14:10 of 2nd period - Minor Penalty to Rasmus Dahlin for High sticking.
14:11 of 2nd period - Pierre Engvall wins face-off versus Nick Suzuki in WINNIPEG Jets zone.
14:16 of 2nd period - Shot by Marcus Pettersson.
14:16 of 2nd period - Shot Misses the Net.
14:18 of 2nd period - Shot by Pierre Engvall.
14:18 of 2nd period - Shot Misses the Net.
14:20 of 2nd period - Shot by Marcus Pettersson.
14:20 of 2nd period - Stopped by Jeremy Swayman without a rebound.
14:21 of 2nd period - Nick Suzuki wins face-off versus Pierre Engvall in WINNIPEG Jets zone.
14:59 of 2nd period - Alexander Kerfoot is hit by Rasmus Andersson and loses puck.
15:42 of 2nd period - Shot by Jonathan Huberdeau.
15:42 of 2nd period - Shot Misses the Net.
15:44 of 2nd period - Shot by Anze Kopitar.
15:44 of 2nd period - Deflect By Mark Stone.
15:44 of 2nd period - Stopped by Jeremy Swayman without a rebound.
15:45 of 2nd period - Anze Kopitar wins face-off versus Nick Suzuki in WINNIPEG Jets zone.
16:21 of 2nd period - Minor Penalty to Rasmus Dahlin for Hooking.
16:22 of 2nd period - Nick Suzuki wins face-off versus Pierre Engvall in WINNIPEG Jets zone.
16:41 of 2nd period - Shot by Pierre Engvall.
16:41 of 2nd period - Stopped by Jeremy Swayman without a rebound.
16:42 of 2nd period - Nick Suzuki wins face-off versus Anze Kopitar in WINNIPEG Jets zone.
17:00 of 2nd period - Shot by Hampus Lindholm.
17:00 of 2nd period - Stopped by Jeremy Swayman without a rebound.
17:01 of 2nd period - Nick Suzuki wins face-off versus Pierre Engvall in WINNIPEG Jets zone.
17:16 of 2nd period - Shot by Pierre Engvall.
17:16 of 2nd period - Goal by Pierre Engvall - LOS ANGELES Kings : 4 - WINNIPEG Jets : 2.
17:17 of 2nd period - Logan Couture wins face-off versus Oskar Sundqvist in neutral zone.
17:22 of 2nd period - Oskar Sundqvist is hit by Troy Terry and loses puck.
17:50 of 2nd period - Shot by Rem Pitlick.
17:50 of 2nd period - Stopped by Jeremy Swayman with a rebound.
17:52 of 2nd period - Shot by Oskar Sundqvist.
17:52 of 2nd period - Shot Misses the Net.
18:17 of 2nd period - Shot by Anze Kopitar.
18:17 of 2nd period - Stopped by Jeremy Swayman without a rebound.
18:18 of 2nd period - Mathew Barzal wins face-off versus Dawson Mercer in WINNIPEG Jets zone.
19:31 of 2nd period - Anze Kopitar is hit by Brian Dumoulin.
19:58 of 2nd period - Minor Penalty to Carl Grundstrom for Goalie Interference.
19:59 of 2nd period - Mitchell Marner wins face-off versus Logan Couture in LOS ANGELES Kings zone.
Goals for this period are 2 for LOS ANGELES Kings vs 0 for WINNIPEG Jets.
Shots for this period are 9 for LOS ANGELES Kings vs 6 for WINNIPEG Jets.

3rd period


0:01 of 3rd period - Pierre Engvall wins face-off versus Logan Couture in neutral zone.
1:39 of 3rd period - Off-side.
1:40 of 3rd period - Anze Kopitar wins face-off versus Logan Couture in neutral zone.
3:19 of 3rd period - Shot by Brandon Hagel.
3:19 of 3rd period - Shot Misses the Net.
3:21 of 3rd period - Shot by Rasmus Dahlin.
3:21 of 3rd period - Shot Hit the Post.
3:25 of 3rd period - Shot by Nick Suzuki.
3:25 of 3rd period - Shot Misses the Net.
3:38 of 3rd period - Icing by Rasmus Dahlin.
3:39 of 3rd period - Nick Suzuki wins face-off versus Dawson Mercer in WINNIPEG Jets zone.
3:58 of 3rd period - Jonathan Huberdeau is hit by Rasmus Dahlin and loses puck.
4:11 of 3rd period - Brandon Hagel is hit by Jonathan Huberdeau and loses puck.
5:17 of 3rd period - Shot by Evan Bouchard.
5:17 of 3rd period - Shot Misses the Net.
5:28 of 3rd period - Icing by Evan Bouchard.
5:29 of 3rd period - Logan Couture wins face-off versus Oskar Sundqvist in WINNIPEG Jets zone.
5:34 of 3rd period - Shot by Troy Terry.
5:34 of 3rd period - Shot Misses the Net.
5:53 of 3rd period - Mathew Barzal is hit by Marc Staal and loses puck.
6:52 of 3rd period - Shot by Kaapo Kakko.
6:52 of 3rd period - Shot Blocked by Rem Pitlick.
7:19 of 3rd period - Icing by Rasmus Dahlin.
7:20 of 3rd period - Dawson Mercer wins face-off versus Logan Couture in WINNIPEG Jets zone.
7:57 of 3rd period - Shot by Mitchell Marner.
7:57 of 3rd period - Stopped by Jeremy Swayman without a rebound.
7:58 of 3rd period - Anze Kopitar wins face-off versus Nick Suzuki in WINNIPEG Jets zone.
8:23 of 3rd period - Shot by Nick Suzuki.
8:23 of 3rd period - Stopped by Vitek Vanecek without a rebound.
8:24 of 3rd period - Ilya Mikheyev wins face-off versus Joel Kiviranta in LOS ANGELES Kings zone.
8:32 of 3rd period - Mathew Barzal is hit by Hampus Lindholm.
8:37 of 3rd period - Tim Stutzle is hit by Hampus Lindholm.
8:42 of 3rd period - Ilya Mikheyev is hit by Hampus Lindholm and loses puck.
8:45 of 3rd period - Shot by Tim Stutzle.
8:45 of 3rd period - Shot Blocked by Mitchell Marner.
8:47 of 3rd period - Shot by Ilya Mikheyev.
8:47 of 3rd period - Shot Blocked by Rasmus Andersson.
8:52 of 3rd period - Minor Penalty to Hampus Lindholm for Tripping.
8:53 of 3rd period - Logan Couture wins face-off versus Mitchell Marner in LOS ANGELES Kings zone.
9:34 of 3rd period - Shot by Rasmus Dahlin.
9:34 of 3rd period - Stopped by Vitek Vanecek with a rebound.
9:36 of 3rd period - Shot by Rasmus Dahlin.
9:36 of 3rd period - Shot Blocked by Rasmus Andersson.
9:38 of 3rd period - Shot by Rasmus Dahlin.
9:38 of 3rd period - Stopped by Vitek Vanecek without a rebound.
9:39 of 3rd period - Nick Suzuki wins face-off versus Anze Kopitar in LOS ANGELES Kings zone.
10:06 of 3rd period - Mathew Barzal is hit by Jonathan Huberdeau and loses puck.
10:14 of 3rd period - Jonathan Huberdeau is hit by Evan Bouchard and loses puck.
10:26 of 3rd period - Icing by Travis Sanheim.
10:27 of 3rd period - Mitchell Marner wins face-off versus Nick Suzuki in WINNIPEG Jets zone.
10:56 of 3rd period - Shot by Mitchell Marner.
10:56 of 3rd period - Shot Misses the Net.
11:30 of 3rd period - Icing by Rasmus Dahlin.
11:31 of 3rd period - Logan Couture wins face-off versus Anze Kopitar in WINNIPEG Jets zone.
11:36 of 3rd period - Rasmus Andersson is hit by Logan Couture and loses puck.
12:37 of 3rd period - Icing by Rasmus Andersson.
12:38 of 3rd period - Nick Suzuki wins face-off versus Anze Kopitar in LOS ANGELES Kings zone.
13:07 of 3rd period - Shot by Mitchell Marner.
13:07 of 3rd period - Stopped by Jeremy Swayman without a rebound.
13:08 of 3rd period - Oskar Sundqvist wins face-off versus Mathew Barzal in WINNIPEG Jets zone.
13:34 of 3rd period - Minor Penalty to Drew Doughty for Roughing.
13:35 of 3rd period - Mathew Barzal wins face-off versus Mitchell Marner in LOS ANGELES Kings zone.
13:36 of 3rd period - Shot by Miro Heiskanen.
13:36 of 3rd period - Stopped by Vitek Vanecek with a rebound.
13:38 of 3rd period - Shot by Mathew Barzal.
13:38 of 3rd period - Shot Misses the Net.
13:48 of 3rd period - Shot by Miro Heiskanen.
13:48 of 3rd period - Stopped by Vitek Vanecek without a rebound.
13:49 of 3rd period - Logan Couture wins face-off versus Mitchell Marner in LOS ANGELES Kings zone.
14:05 of 3rd period - Icing by Travis Sanheim.
14:06 of 3rd period - Logan Couture wins face-off versus Mitchell Marner in WINNIPEG Jets zone.
14:21 of 3rd period - Shot by Clayton Keller.
14:21 of 3rd period - Goal by Clayton Keller - LOS ANGELES Kings : 4 - WINNIPEG Jets : 3.
14:22 of 3rd period - Anze Kopitar wins face-off versus Nick Suzuki in neutral zone.
14:26 of 3rd period - Off-side.
14:27 of 3rd period - Nick Suzuki wins face-off versus Anze Kopitar in neutral zone.
14:27 of 3rd period - Rasmus Dahlin is hit by Dominik Kubalik.
14:28 of 3rd period - Minor Penalty to Anze Kopitar for High sticking.
14:29 of 3rd period - Logan Couture wins face-off versus Mitchell Marner in LOS ANGELES Kings zone.
14:32 of 3rd period - Shot by Logan Couture.
14:32 of 3rd period - Shot Misses the Net.
14:34 of 3rd period - Shot by Logan Couture.
14:34 of 3rd period - Shot Blocked by Pierre Engvall.
14:36 of 3rd period - Shot by Miro Heiskanen.
14:36 of 3rd period - Shot Misses the Net.
14:38 of 3rd period - Shot by Troy Terry.
14:38 of 3rd period - Shot Misses the Net.
14:40 of 3rd period - Shot by Rasmus Dahlin.
14:40 of 3rd period - Stopped by Vitek Vanecek without a rebound.
14:41 of 3rd period - Nick Suzuki wins face-off versus Mitchell Marner in LOS ANGELES Kings zone.
14:58 of 3rd period - Shot by Rasmus Dahlin.
14:58 of 3rd period - Stopped by Vitek Vanecek without a rebound.
14:59 of 3rd period - Logan Couture wins face-off versus Mitchell Marner in LOS ANGELES Kings zone.
15:04 of 3rd period - Shot by Clayton Keller.
15:04 of 3rd period - Shot Misses the Net.
15:27 of 3rd period - Shot by Travis Sanheim.
15:27 of 3rd period - Stopped by Vitek Vanecek without a rebound.
15:28 of 3rd period - Nick Suzuki wins face-off versus Mitchell Marner in LOS ANGELES Kings zone.
15:46 of 3rd period - Shot by Rasmus Dahlin.
15:46 of 3rd period - Shot Blocked by Rasmus Andersson.
15:54 of 3rd period - Shot by Miro Heiskanen.
15:54 of 3rd period - Stopped by Vitek Vanecek with a rebound.
15:58 of 3rd period - Shot by Brandon Hagel.
15:58 of 3rd period - Stopped by Vitek Vanecek without a rebound.
15:59 of 3rd period - Oskar Sundqvist wins face-off versus Logan Couture in LOS ANGELES Kings zone.
16:12 of 3rd period - Shot by Logan Couture.
16:12 of 3rd period - Stopped by Vitek Vanecek without a rebound.
16:13 of 3rd period - Logan Couture wins face-off versus Mitchell Marner in LOS ANGELES Kings zone.
17:44 of 3rd period - Shot by Logan Couture.
17:44 of 3rd period - Stopped by Vitek Vanecek with a rebound.
18:49 of 3rd period - Minor Penalty to Marcus Pettersson for Holding.
18:50 of 3rd period - Nick Suzuki wins face-off versus Mitchell Marner in LOS ANGELES Kings zone.
19:25 of 3rd period - Brandon Hagel is hit by Pierre Engvall and loses puck.
19:50 of 3rd period - Troy Terry is hit by Jonathan Huberdeau and loses puck.
19:57 of 3rd period - WINNIPEG Jets, Jeremy Swayman is pulled from the net.
Goals for this period are 0 for LOS ANGELES Kings vs 1 for WINNIPEG Jets.
Shots for this period are 2 for LOS ANGELES Kings vs 13 for WINNIPEG Jets. Output by the SimonT Hockey Simulator (STHS) for Martin Benoit - Original Page W3C HTML5 Valid
Hockey Simulator - Hockey Simulation - Hockey Manager